 Dungeon Crawl Stone Soup version 0.31.0-12-g77e489cdc1 (webtiles) character file.

Game seed: 10253514959415277904

1403 Silvore the Carver (level 8, -4/63 (71) HPs)
             Began as a Minotaur Fighter on Feb 17, 2024.
             Was a Believer of Okawaru.
             Slain by a wight
             ... wielding a +2 long sword of electrocution
              (9 damage)
             ... on level 6 of the Dungeon.
             The game lasted 00:04:58 (4098 turns).

Silvore the Carver (Minotaur Fighter)               Turns: 4098, Time: 00:04:58

HP:   -4/63 (71)    AC: 16    Str: 22    XL:     8   Next: 42%
MP:   7/7           EV:  6    Int:  5    God:    Okawaru [**....]
Gold: 449           SH:  5    Dex: 11    Spells: 7/7 levels left

rFire   . . .        a - +0 long sword (drain)
rCold   . . .        c - +0 buckler
rNeg    . . .        l - +0 plate armour
rPois   .            (helmet restricted)
rElec   .            h - +0 cloak
rCorr   .            (no gloves)
SInv    .            n - +0 pair of boots
Will    .....        f - amulet of regeneration Stlth
                     (no ring)
HPRegen 1.10/turn    (no ring)
MPRegen 0.10/turn

%: no passive effects
@: heavily drained
A: horns 2, retaliatory headbutt
a: Renounce Religion, Heroism


You were on level 6 of the Dungeon.
You worshipped Okawaru.
Okawaru was pleased with you.
You visited 2 branches of the dungeon, and saw 7 of its levels.
You also visited: Sewer.

You collected 449 gold pieces.

Inventory:

Hand Weapons
 a - a +0 long sword of draining (weapon)
Armour
 b - a +0 scale mail
 c - a +0 buckler (worn)
 h - a +0 cloak (worn)
 j - a +0 chain mail
 l - a +0 plate armour (worn)
 n - a +0 pair of boots (worn)
Jewellery
 f - an amulet of regeneration (around neck)
Scrolls
 e - 3 scrolls of identify
 p - a scroll of immolation
 t - a scroll of amnesia
 u - a scroll of poison {unknown}
Potions
 d - 2 potions of might
 g - 3 potions of curing
 i - a potion of haste
 k - a potion of brilliance
 m - a potion of degeneration
 o - a potion of berserk rage
 q - a potion of attraction
 s - a potion of magic {unknown}
 v - a potion of enlightenment {unknown}


   Skills:
 + Level 6.7 Fighting
 + Level 8.1 Long Blades
 + Level 7.4 Armour
 + Level 0.6 Dodging
 + Level 0.4 Stealth
 + Level 5.5 Shields


You had 7 spell levels left.
You didn't know any spells.
Your spell library contained the following spells:

 Spells                   Type           Power      Damage    Failure   Level
 Dazzling Flash           Conj/Hex       0%         N/A       100%        3
 Mephitic Cloud           Conj/Alch/Air  0%         N/A       100%        3
 Cause Fear               Hex            0%         N/A       100%        4
 Curse of Agony           Necr           0%         N/A       100%        5
 Fireball                 Conj/Fire      0%         3d3       100%        5
 Silence                  Hex/Air        0%         N/A       100%        5
 Dragon's Call            Summ           Unusable   N/A       N/A         9

Dungeon Overview and Level Annotations

Branches:
Dungeon (6/15)             Temple (1/1) D:5           Sewer (visited)

Altars:
Ashenzari
Cheibriados
Dithmenos
Elyvilon
Fedhas
Gozag
Hepliaklqana
Kikubaaqudgha
Nemelex Xobeh
Okawaru
Qazlal
Ru
Sif Muna
Trog
Uskayaw
Vehumet
Wu Jian
Xom
Yredelemnul
Zin
The Shining One

Shops:
D:2 (=


Innate Abilities, Weirdness & Mutations

You have a pair of horns on your head.
You reflexively headbutt those who attack you in melee.


Message History

You hit the wight.
The wight is almost destroyed.
The wight hits you but does no damage.
You are electrocuted!
* * * LOW HITPOINT WARNING * * *
The wight hits you with a +3 long sword of freezing.
* * * LOW HITPOINT WARNING * * *
You feel drained.
* * * LOW HITPOINT WARNING * * *
The wight freezes you.
* * * LOW HITPOINT WARNING * * *
You feel much better.
The wight hits you with a +2 long sword of electrocution.
You block the wight's attack. The wight attacks as it pursues you!
The wight hits you with a +3 long sword of freezing.
You feel drained. The wight freezes you. The wight attacks as it pursues you!
You block the wight's attack. The wight attacks as it pursues you!
You block the wight's attack. The wight attacks as it pursues you!
The wight hits you with a +2 long sword of electrocution.
You feel drained. The wight attacks as it pursues you!
The wight barely misses you.
You hit the wight but do no damage.
The wight is lightly damaged.
The wight hits you with a +2 long sword of electrocution.
You closely miss the wight.
The wight is lightly damaged.
The wight hits you but does no damage.
You hit the wight but do no damage. You headbutt the wight!
The wight is severely damaged.
The wight hits you but does no damage.
You closely miss the wight. Your headbutt misses the wight.
The wight is severely damaged.
The wight hits you with a +2 long sword of electrocution.
You are electrocuted!!
* * * LOW HITPOINT WARNING * * *
You barely miss the wight. Your headbutt misses the wight.
The wight is severely damaged.
The wight hits you but does no damage.
You are electrocuted!
You die...

#........$.+
#..........# ......
#..........# .......
+..........# ......
#....##†).## #...#
###+#####...######...###
........#...............
........#.......(.......
.......@zz..............
..####.#######.####...##
#. ##.#.##..+##
#..##+##..#(.#....#
#....#....##.#....+
##.......##..#....#
+......^'...#.##.#
#.......##..#.##.#
.........##.#.#...


You could see 2 wights.

Vanquished Creatures
  A wyvern (D:6)
  A black bear (D:6)
  Pargi (Sewer)
  2 centaurs
  An ogre (D:6)
  A brain worm (Sewer)
  2 bullfrogs
  2 scorpions
  A wight (D:6)
  2 howler monkeys (D:5)
  3 hounds (D:5)
  Jessica (D:3)
  2 iguanas (D:5)
  2 orc wizards (D:5)
  5 adders
  A shadow imp (D:5)
  2 white imps
  4 ufetubi
  4 dart slugs
  2 ribbon worms (D:5)
  7 orcs (D:5)
  10 bats
  6 endoplasms
  3 giant cockroaches
  7 goblins
  3 hobgoblins
  A quokka (D:4)
  11 ball pythons
  6 kobolds
  6 rats
100 creatures vanquished.

Notes
Turn   | Place    | Note
-------+----------+-------------------------------------------
     0 | D:1      | Silvore the Minotaur Fighter began the quest for the Orb.
     0 | D:1      | Reached XP level 1. HP: 19/19 MP: 0/0
   151 | D:1      | Reached XP level 2. HP: 27/27 MP: 1/1
   751 | D:1      | Reached XP level 3. HP: 33/33 MP: 2/2
   823 | D:2      | Found Galeu's Weapon Boutique.
  1086 | D:2      | Found Juwalib's Jewellery Boutique.
  1531 | D:3      | Noticed Jessica
  1548 | D:3      | Killed Jessica
  1549 | D:3      | Reached skill level 3 in Long Blades
  1562 | D:3      | Found a sparkling altar of Nemelex Xobeh.
  1565 | D:3      | Found an ancient bone altar of Kikubaaqudgha.
  1801 | D:3      | Reached XP level 4. HP: 40/40 MP: 3/3
  2062 | D:3      | Found a hazy altar of Hepliaklqana.
  2141 | D:4      | Noticed a scorpion
  2146 | D:4      | Killed a scorpion
  2147 | D:4      | Reached skill level 4 in Long Blades
  2196 | D:4      | Noticed a centaur
  2203 | D:4      | Reached XP level 5. HP: 46/46 MP: 4/4
  2206 | D:4      | Killed a centaur
  2207 | D:4      | Reached skill level 5 in Armour
  2279 | D:4      | Reached skill level 5 in Long Blades
  2515 | D:5      | Entered Level 5 of the Dungeon
  2552 | D:5      | Reached XP level 6. HP: 53/53 MP: 5/5
  2649 | D:5      | Found a staircase to the Ecumenical Temple.
  2659 | Temple   | Entered the Ecumenical Temple
  2730 | Temple   | Became a worshipper of Warmaster Okawaru
  2835 | D:5      | Found a glowing drain.
  2845 | Sewer    | Entered a sewer
  2880 | Sewer    | Noticed Pargi
  2898 | Sewer    | Killed Pargi
  2899 | Sewer    | Reached skill level 5 in Fighting
  2899 | Sewer    | Reached skill level 6 in Long Blades
  2953 | D:5      | Reached XP level 7. HP: 61/61 MP: 6/6
  3247 | D:5      | Found a sacrificial altar of Ru.
  3295 | D:5      | Reached * piety under Okawaru
  3834 | D:6      | Reached skill level 7 in Long Blades
  3834 | D:6      | Reached skill level 5 in Shields
  3834 | D:6      | Reached XP level 8. HP: 70/71 MP: 7/7
  4077 | D:6      | Reached ** piety under Okawaru
  4078 | D:6      | Reached skill level 8 in Long Blades
  4087 | D:6      | HP: 3/65 [wight/+3 long sword of freezing (1)]
  4087 | D:6      | HP: 1/65 [wight/+3 long sword of freezing (2)]
  4098 | D:6      | Slain by a wight

Illustrated notes

Levels and vault maps discovered:
D:1:      evilmike_arrival_plus, layout_loops_ring, kennysheep_pointless_box
D:2:      layout_basic, serial_shops, shop, shop
D:3:      layout_basic, worldfamousw_hep_ancestral_shrine,
          grunt_temple_overflow_open, uniq_jessica
D:4:      layout_rooms
D:5:      layout_basic, mainiacjoe_overflow_surrounded_room,
          minmay_temple_entry_mist, cheibrodos_sewer_entry_drain
D:6:      layout_gridville, serial_library_hellmonk_small_corner,
          chequers_jeans, minmay_pentangle
Temple:   minmay_temple_bridge_d

Skill      XL: |  1  2  3  4  5  6  7  8 |
---------------+-------------------------+-----
Armour         | 4 5 6 7 |  7.4
Fighting       | 4 5 6 |  6.7
Shields        | 4 5 |  5.5
Long Blades    | 3 4 5 6 7 8 |  8.1
Dodging        | |  0.6
Stealth        | |  0.4

Action                     |  1- 3 |  4- 6 |  7- 9 || total
---------------------------+-------+-------+-------++-------
  Melee: Long sword        |    60 |    88 |    98 ||   246
         Headbutt          |    12 |     9 |    21 ||    42
    Use: Scroll            |     6 |     5 |     3 ||    14
         Potion            |       |       |     1 ||     1
 Armour: Scale mail        |    23 |       |       ||    23
         Chain mail        |    16 |     8 |       ||    24
         Plate armour      |       |   107 |   145 ||   252
  Dodge: Dodged            |    23 |    24 |    43 ||    90
  Block: Buckler           |    20 |    30 |    37 ||    87
